 Dungeon Sprint DCSS version 0.30-a0-172-gc5509c9e31 (webtiles) character file.

Game seed: 5442592533345022835

1471 mhtbhm the Earth Mage (level 8, -17/43 HPs)
             Began as a Gargoyle Earth Elementalist on Oct 1, 2022.
             Was a Priest of Vehumet.
             Demolished by a two-headed ogre
             ... wielding a +0 giant spiked club
              (20 damage)
             ... in the Dungeon (Sprint III: "The Ten Rune Challenge").
             The game lasted 00:02:19 (1008 turns).

mhtbhm the Earth Mage (Gargoyle Earth Elementalist) Turns: 1008, Time: 00:02:20

Health: -17/43     AC:  7    Str: 12    XL:     8   Next: 78%
Magic:  12/23      EV: 12    Int: 18    God:    Vehumet [***...]
Gold:   24         SH:  0    Dex: 10    Spells: 20/30 levels left

rFire   . . .      SeeInvis .    (no weapon)
rCold   . . .      Faith    .    (no shield)
rNeg    + . .      Spirit   .    a - +0 robe
rPois   ∞          Reflect  .    (no helmet)
rElec   +          Harm     .    (no cloak)
rCorr   .          Rampage  .    (no gloves)
Will    .....      NoTele   +    (no boots)
Stlth   +++.......               (no amulet)
HPRegen 0.27/turn                (no ring)
MPRegen 0.18/turn                (no ring)

@: no status effects
A: sickness immunity, AC +5, negative energy resistance 1, electricity
resistance, torment resistance 1, petrification resistance
a: Renounce Religion


You were in the Dungeon.
You worshipped Vehumet.
Vehumet was most pleased with you.
You visited 1 branch You collected 24 gold pieces.

Inventory:

Armour
 a - a +0 robe (worn)
Wands
 m - a wand of iceblast (3)
Scrolls
 g - a scroll of blinking
 i - 3 scrolls of immolation {unknown}
 j - 3 scrolls of identify
Potions
 b - 3 potions of magic
 c - a potion of curing
 d - 2 potions of heal wounds
 e - a potion of haste
 f - 2 potions of berserk rage
 h - 5 potions of mutation {unknown}
 k - a potion of resistance {unknown}
 l - 2 potions of flight
 n - a potion of might
Miscellaneous
 o - a lightning rod (4/4)


   Skills:
 + Level 1.5 Fighting
 + Level 3.3 Dodging
 + Level 6.4 Stealth
 + Level 11.5 Spellcasting
 + Level 2.0 Conjurations
 + Level 2.3 Transmutations
 + Level 15.1 Earth Magic
 + Level 0.3 Evocations


You had 20 spell levels left.
You knew the following spells:

 Your Spells              Type           Power      Damage    Failure   Level
a - Sandblast             Erth           100%       2d20      0%          1
b - Passwall              Tmut/Erth      34%        N/A       1%          2
c - Stone Arrow           Conj/Erth      82%        3d12      1%          3
d - Petrify               Tmut/Erth      41%        N/A       1%          4

Your spell library contained the following spells:

 Spells                   Type           Power      Damage    Failure   Level
 Freeze                   Ice            40%        1d6       1%          1
 Apportation              Tloc           20%        N/A       7%          1
 Necrotise                Necr           40%        1d6       7%          1
 Summon Small Mammal      Summ           40%        N/A       7%          1


Dungeon Overview and Level Annotations

Branches:
Dungeon (1/1)

Altars:
Cheibriados
Dithmenos
Elyvilon
Fedhas
Gozag
Hepliaklqana
Kikubaaqudgha
Makhleb
Nemelex Xobeh
Okawaru
Qazlal
Ru
Sif Muna
Trog
Uskayaw
Vehumet
Wu Jian
Xom
Yredelemnul
Zin
The Shining One
Jiyva
Lugonu


Innate Abilities, Weirdness & Mutations

You are immune to sickness and miasma.
Your stone body is resilient. (AC +5)
You are immune to poison.
You resist negative energy. (rN+)
You are resistant to electric shocks. (rElec)
You are resistant to unholy torment.
You are immune to petrification.


Message History

Aim: a two-headed ogre, wielding a +0 giant spiked club and a +0 giant club (lightly wounded, 89% to hit)
The stone arrow hits the two-headed ogre!
The two-headed ogre is heavily wounded.
The two-headed ogre hits you with a +0 giant spiked club!!
Ouch! That really hurt!
The two-headed ogre barely misses you.
Unknown command.
Casting: Stone Arrow (safe; 1% risk of failure)
Confirm with . or Enter, or press ? or * to list all spells.
Aiming: Sandblast (safe; 0% risk of failure)
Press: ? - help, Shift-Dir - straight line, f/p - two-headed ogre
Aim: a two-headed ogre, wielding a +0 giant spiked club and a +0 giant club (heavily wounded, 93% to hit)
The blast of sand hits the two-headed ogre!!
The two-headed ogre is almost dead.
The two-headed ogre hits you with a +0 giant spiked club!
* * * LOW HITPOINT WARNING * * *
The two-headed ogre barely misses you.
Unknown command.
Casting: Sandblast (safe; 0% risk of failure)
Confirm with . or Enter, or press ? or * to list all spells.
Aiming: Sandblast (safe; 0% risk of failure)
Press: ? - help, Shift-Dir - straight line, f/p - two-headed ogre
Aim: a two-headed ogre, wielding a +0 giant spiked club and a +0 giant club (almost dead, 93% to hit)
The blast of sand hits the two-headed ogre.
The two-headed ogre is almost dead.
The two-headed ogre closely misses you.
The two-headed ogre hits you with a +0 giant club.
* * * LOW HITPOINT WARNING * * *
Unknown command.
Unknown command.
Casting: Sandblast (safe; 0% risk of failure)
Confirm with . or Enter, or press ? or * to list all spells.
Aiming: Sandblast (safe; 0% risk of failure)
Press: ? - help, Shift-Dir - straight line, f/p - two-headed ogre
Aim: a two-headed ogre, wielding a +0 giant spiked club and a +0 giant club (almost dead, 93% to hit)
The blast of sand hits the two-headed ogre.
The two-headed ogre is almost dead.
The two-headed ogre closely misses you.
The two-headed ogre hits you with a +0 giant club!!
You die...

#'###)## .......#
.......# ######'#
#__#...#+###########
#__#...#....#.#. ..
#__#...##.#..#.# .#
#__#...'##)#.#.##O#
#__'...#.).#..#.@#
▓▓▓▓▓▓▓▓▓▓▓▓▓▓▓▓▓▓


You could see a two-headed ogre.

Vanquished Creatures
  A deep elf pyromancer (D)
  A shadow (D)
  A spatial vortex (D)
  3 two-headed ogres (D)
  A water elemental (D)
  A necrophage (D)
  A jelly (D)
  Jessica (D)
  A wizard (D)
  A necromancer (D)
  A kobold demonologist (D)
  3 humans (D)
  A wolf (D)
  An endoplasm (D)
  2 rats (D)
20 creatures vanquished.

Notes
Turn   | Place    | Note
-------+----------+-------------------------------------------
     0 | D        | mhtbhm the Gargoyle Earth Elementalist began the quest for
                  | the Orb.
     0 | D        | Reached XP level 1. HP: 10/10 MP: 3/3
     3 | D        | Reached skill level 4 in Earth Magic
    42 | D        | Noticed Jessica
    44 | D        | Killed Jessica
    45 | D        | Reached skill level 6 in Earth Magic
    45 | D        | Reached XP level 2. HP: 15/15 MP: 3/6
    45 | D        | Reached XP level 3. HP: 19/19 MP: 3/7
    96 | D        | Learned a level 2 spell: Passwall
   100 | D        | Learned a level 3 spell: Stone Arrow
   283 | D        | Reached skill level 1 in Transmutations
   283 | D        | Reached skill level 7 in Earth Magic
   283 | D        | Reached XP level 4. HP: 24/24 MP: 1/10
   358 | D        | Learned a level 4 spell: Petrify
   371 | D        | Noticed a water elemental
   375 | D        | Killed a water elemental
   376 | D        | Reached skill level 5 in Spellcasting
   376 | D        | Reached skill level 8 in Earth Magic
   376 | D        | Reached XP level 5. HP: 28/28 MP: 3/12
   448 | D        | Found a radiant altar of Vehumet.
   448 | D        | Found a shimmering blue altar of Sif Muna.
   448 | D        | Found an ancient bone altar of Kikubaaqudgha.
   450 | D        | Reached skill level 9 in Earth Magic
   458 | D        | Became a worshipper of Vehumet
   499 | D        | Found a glowing silver altar of Zin.
   499 | D        | Found a glowing golden altar of the Shining One.
   499 | D        | Found a white marble altar of Elyvilon.
   499 | D        | Noticed a deep elf pyromancer
   505 | D        | Killed a deep elf pyromancer
   505 | D        | HP: 1/28 [something (9)]
   506 | D        | Reached skill level 5 in Stealth
   506 | D        | Reached skill level 12 in Earth Magic
   506 | D        | Reached XP level 6. HP: 1/33 MP: 9/18
   506 | D        | Reached XP level 7. HP: 2/37 MP: 9/19
   659 | D        | Found a basalt altar of Yredelemnul.
   659 | D        | Found a shadowy altar of Dithmenos.
   659 | D        | Found a sacrificial altar of Ru.
   663 | D        | Reached skill level 13 in Earth Magic
   663 | D        | Reached * piety under Vehumet
   663 | D        | Offered knowledge of Shock by Vehumet.
   680 | D        | Found a hide-covered altar of Uskayaw.
   680 | D        | Found an iron altar of Okawaru.
   680 | D        | Found a bloodstained altar of Trog.
   680 | D        | Found an ornate altar of the Wu Jian Council.
   680 | D        | Noticed a human
   680 | D        | Noticed a human
   683 | D        | Killed a human
   684 | D        | Reached skill level 1 in Fighting
   684 | D        | Reached skill level 10 in Spellcasting
   688 | D        | Killed a human
   689 | D        | Reached skill level 14 in Earth Magic
   689 | D        | Reached XP level 8. HP: 36/43 MP: 4/22
   796 | D        | Reached ** piety under Vehumet
   832 | D        | Noticed a shadow
   835 | D        | Killed a shadow
   835 | D        | Offered knowledge of Freeze by Vehumet.
   836 | D        | Reached skill level 1 in Conjurations
   862 | D        | Found a blossoming altar of Fedhas.
   862 | D        | Found a stormy altar of Qazlal.
   862 | D        | Found a snail-covered altar of Cheibriados.
   862 | D        | Found a burning altar of Makhleb.
   862 | D        | Found a shimmering altar of Xom.
   863 | D        | Found a hazy altar of Hepliaklqana.
   863 | D        | Found an opulent altar of Gozag.
   863 | D        | Found a sparkling altar of Nemelex Xobeh.
   863 | D        | Found a corrupted altar of Lugonu.
   863 | D        | Found a viscous altar of Jiyva.
   938 | D        | Reached *** piety under Vehumet
   939 | D        | Reached skill level 15 in Earth Magic
  1002 | D        | Noticed a two-headed ogre
  1008 | D        | Demolished by a two-headed ogre

Illustrated notes

Levels and vault maps discovered:
D:        dungeon_sprint_mu [sprint_mu_entry_forest, sprint_mu_temple_rooms,
          sprint_mu_d1_spiders, sprint_mu_d2_genie, sprint_mu_d3_branching,
          sprint_mu_orc_legion, sprint_mu_elf_gauntlet, sprint_mu_hive_nellie,
          sprint_mu_lair_fedhas, sprint_mu_vaults_butterflies,
          sprint_mu_slime_circle, sprint_mu_swamp_cave, sprint_mu_shoals_archi,
          sprint_mu_blade_basic, sprint_mu_crypt_lich, sprint_mu_tomb_spiral,
          sprint_mu_vestibule_basic, sprint_mu_gehenna_hellfire,
          sprint_mu_dis_giant, sprint_mu_tartarus_statrot,
          sprint_mu_cocytus_islands, sprint_mu_zot1]

Skill      XL: |  1  2  3  4  5  6  7  8 |
---------------+-------------------------+-----
Earth Magic    | 6 7 8 12 14 15 | 15.1
Dodging        | 2 3 |  3.3
Spellcasting   | 3 4 5 9 10 11 | 11.5
Stealth        | 3 5 6 |  6.4
Transmutations | 1 2 |  2.3
Fighting       | 1 |  1.5
Conjurations   | 2 |  2.0
Evocations     | |  0.3

Action                   |  1- 3 |  4- 6 |  7- 9 || total
-------------------------+-------+-------+-------++-------
 Cast: Sandblast         |    12 |     9 |    18 ||    39
       Stone Arrow       |     1 |     2 |    14 ||    17
       Passwall          |     1 |       |       ||     1
Evoke: Wand              |       |       |     3 ||     3
Armor: Robe              |     2 |       |     4 ||     6
Dodge: Dodged            |     3 |     1 |    13 ||    17

Table legend: (Time is in decaauts)
 A = Elapsed time spent in this place.
 B = Non-inter-level travel time spent in this place.
 C = Inter-level travel time spent in this place.
 D = Time resting spent in this place.
 E = Time spent auto-exploring this place.
 F = Levels seen in this place.
 G = Mean time per level.
                   A        B        C        D        E       F      G
               +--------+--------+--------+--------+--------+-----+--------+
         Total |   1027 |   1027 |      0 |    747 |      1 |   1 | 1027.0 |
       Dungeon |   1027 |   1027 |      0 |    747 |      1 |   1 | 1027.0 |
               +--------+--------+--------+--------+--------+-----+--------+

Top non-repeatable levels by time:
       D: 1027 daAuts
